 Dungeon Crawl Stone Soup version 0.27-a0-1557-g57f10a385c (webtiles) character file.

Game seed: 4253663904161871010

75 funkygono the Shield-Bearer (level 4, 0/28 HPs)
             Began as a Gargoyle Fighter on July 16, 2021.
             Slain by an orc wizard (2 damage)
             ... on level 2 of the Dungeon.
             The game lasted 00:04:19 (2688 turns).

funkygono the Shield-Bearer (Gargoyle Fighter)      Turns: 2688, Time: 00:04:20

Health: 0/28       AC: 10    Str: 20    XL:     4   Next: 31%
Magic:  4/4        EV:  5    Int:  9    God:
Gold:   120        SH: 14    Dex:  9    Spells: 3/3 levels left

rFire    . . .     SeeInvis .   a - +1 flail
rCold    . . .     Faith    .   h - +0 tower shield
rNeg     + . .     Spirit   .   b - +0 scale mail
rPois    ∞         Reflect  .   (no helmet)
rElec    +         Harm     .   (no cloak)
rCorr    .         Rampage  .   (no gloves)
Will     .....                  (no boots)
Stlth    ..........             (no amulet)
HPRegen  0.09/turn              (no ring)
MPRegen  0.09/turn              (no ring)

@: brilliant, flying
A: sickness immunity, AC +3, negative energy resistance 1, electricity
resistance, torment resistance 1, petrification resistance
a: no special abilities


You were on level 2 of the Dungeon.
You visited 1 branch of the dungeon, and saw 3 of its levels.

You collected 120 gold pieces.

Inventory:

Hand Weapons
 a - a +1 flail (weapon)
Missiles
 f - 13 bolts
 i - 23 stones (quivered)
Armour
 b - a +0 scale mail (worn)
 c - a +0 kite shield
 h - a +0 tower shield (worn)
Scrolls
 d - 2 scrolls of teleportation
 k - a scroll of identify {unknown}
 l - a scroll of fog {unknown}
Potions
 g - 3 potions of brilliance


   Skills:
 + Level 3.6 Fighting
 + Level 3.0 Maces & Flails
 + Level 3.9 Armour
 + Level 0.2 Dodging
 + Level 4.0 Shields


You had 3 spell levels left.
You didn't know any spells.
Your spell library was empty.

Dungeon Overview and Level Annotations

Branches:
Dungeon (3/15)

Altars:


Innate Abilities, Weirdness & Mutations

You are immune to sickness and miasma.
Your stone body is resilient. (AC +3)
You are immune to poison.
You resist negative energy. (rN+)
You are resistant to electric shocks. (rElec)
You are resistant to unholy torment.
You are immune to petrification.


Message History

The orc wizard casts a spell.
The orc wizard flickers and vanishes!
Deactivating autopickup; reactivate with Ctrl-A.
Something hits you but does no damage.
It was a potion of brilliance.
You feel clever all of a sudden. Something hits you but does no damage.
It was a potion of heal wounds.
You feel much better. Something hits you but does no damage.
You miss something. Something hits you. Something completely misses you.
You barely miss something. Something hits you but does no damage.
Something hits you.
You closely miss something.
You feel less confused.
You hear some strange, mumbled words.
A puff of flame appears from out of thin air!
The puff of flame hits you!
* * * LOW HITPOINT WARNING * * *
You closely miss something.
Something hits you but does no damage. x2
You miss something. Something hits you but does no damage. Something hits you.
* * * LOW HITPOINT WARNING * * *
Your shield prevents you from hitting something.
You block something's attack.
You miss something. Something hits you but does no damage.
You block something's attack.
It was a potion of flight.
You feel very buoyant.
You fly up into the air.
You block something's attack.
You closely miss something. Something hits you.
* * * LOW HITPOINT WARNING * * *
You barely miss something. Something hits you but does no damage.
You hear some strange, mumbled words.
A puff of flame appears from out of thin air!
The puff of flame hits you.
* * * LOW HITPOINT WARNING * * *
You closely miss something. You block something's attack.
Something hits you but does no damage.
You miss something. You block something's attack.
You hit something. Something hits you.
You die...

.#.########
#...#####........#
.#.# #...#
########## .#.#
#...# ## ...# #...#
#. ####
##...##############
#......#...........
#......#...........
#..{>..#...........
#.@....#...♣.....♣.
########.....###...
# #....## ##.. #
#....# #.. #
#....## ##.. #
#.....###... #
#...♣.....♣. #
#........... #
#...........


There were no monsters in sight!

Vanquished Creatures
  2 gnolls
  An adder (D:2)
  2 dart slugs (D:2)
  An orc (D:3)
  2 endoplasms
  4 goblins
  6 hobgoblins
  7 jackals
  2 ball pythons (D:2)
  3 bats
  3 frilled lizards
  4 kobolds
  3 rats (D:2)
40 creatures vanquished.

Vanquished Creatures (others)
  2 demonic plants (D:2)
  3 fungi (D:2)
  3 plants (D:2)
8 creatures vanquished.

Grand Total: 48 creatures vanquished

Notes
Turn   | Place    | Note
-------+----------+-------------------------------------------
     0 | D:1      | funkygono the Gargoyle Fighter began the quest for the Orb.
     0 | D:1      | Reached XP level 1. HP: 14/14 MP: 1/1
   287 | D:1      | Reached XP level 2. HP: 17/19 MP: 2/2
  1246 | D:2      | Reached XP level 3. HP: 23/23 MP: 3/3
  1385 | D:2      | Found a faded altar of an unknown god.
  1757 | D:2      | Reached XP level 4. HP: 4/28 MP: 4/4
  1759 | D:2      | Reached skill level 4 in Shields
  2685 | D:2      | HP: 1/28 [something/puff of flame (5)]
  2688 | D:2      | Slain by an orc wizard

Illustrated notes

Levels and vault maps discovered:
D:1:      nzn_arrival_settlement, layout_basic
D:2:      layout_basic, shapermc_ecumenical_altar_gd, kennysheep_path_1,
          hangedman_decor_push, minmay_pentomino_v4
D:3:      minmay_angry_zag, layout_loops_ring, marbit_many_paths,
          minmay_misc_feat_pillars, uniq_sigmund

Skill      XL: |  1  2  3  4 |
---------------+-------------+-----
Shields        | 4 |  4.0
Maces & Flails | 3 |  3.0
Fighting       | |  3.6
Armour         | |  3.9
Dodging        | |  0.2

Action                   |  1- 3 |  4- 6 || total
-------------------------+-------+-------++-------
Melee: Flail             |   130 |    51 ||   181
  Use: Scroll            |     2 |     1 ||     3
       Potion            |     1 |     3 ||     4
Armor: Scale mail        |   112 |    45 ||   157
Dodge: Dodged            |    58 |     5 ||    63
Block: Kite shield       |    36 |       ||    36
       Tower shield      |    99 |    20 ||   119

Table legend: (Time is in decaauts)
 A = Elapsed time spent in this place.
 B = Non-inter-level travel time spent in this place.
 C = Inter-level travel time spent in this place.
 D = Time resting spent in this place.
 E = Time spent auto-exploring this place.
 F = Levels seen in this place.
 G = Mean time per level.
                   A        B        C        D        E       F      G
               +--------+--------+--------+--------+--------+-----+--------+
         Total |   2805 |   2707 |     98 |    652 |   1515 |   3 |  935.0 |
       Dungeon |   2805 |   2707 |     98 |    652 |   1515 |   3 |  935.0 |
               +--------+--------+--------+--------+--------+-----+--------+

Top non-repeatable levels by time:
     D:2: 1450 daAuts
     D:1: 1241 daAuts
     D:3: 113 daAuts
